 Dungeon Crawl Stone Soup version 0.26.0-90-g5fd8617961 (webtiles) character file.

Game seed: 7323863279439883527

277 jlumianski the Chopper (level 6, 0/55 HPs)
             Began as a Palentonga Fighter on Feb 2, 2021.
             Slain by an iguana (7 damage)
             ... on level 4 of the Dungeon.
             The game lasted 00:06:34 (1970 turns).

jlumianski the Chopper (Palentonga Fighter)         Turns: 1970, Time: 00:06:35

Health: 0/55       AC:  6    Str: 21    XL:     6   Next: 4%
Magic:  6/6        EV:  6    Int:  9    God:
Gold:   135        SH:  9    Dex:  9    Spells: 5/5 levels left

rFire    + . .     SeeInvis +   a - +0 war axe
rCold    . . .     Faith    .   c - +0 kite shield
rNeg     . . .     Spirit   .   b - +0 scale mail
rPois    .         Reflect  .   (no helmet)
rElec    .         Harm     .   (no cloak)
rCorr    .         Rampage  .   (no gloves)
Will     +....                  (no barding)
Stlth    ..........             (no amulet)
HPRegen  0.18/turn              f - ring of willpower
MPRegen  0.10/turn              g - ring of protection from fire

@: no status effects
A: large, rugged brown scales 3, see invisible, deformed body, roll 1, armoured
tail
a: Rolling Charge


You were on level 4 of the Dungeon.
You visited 1 branch of the dungeon, and saw 4 of its levels.

You collected 135 gold pieces.

Inventory:

Hand Weapons
 a - a +0 war axe (weapon)
 j - a +1 whip of electrocution
 n - a +1 whip of holy wrath
Missiles
 e - 105 stones
 h - 2 datura-tipped darts
 k - 4 atropa-tipped darts (quivered)
Armour
 b - a +0 scale mail (worn)
 c - a +0 kite shield (worn)
Jewellery
 f - a ring of willpower (left hand)
 g - a ring of protection from fire (right hand)
Scrolls
 i - a scroll of immolation
 p - 2 scrolls of enchant armour {unknown}
 s - a scroll of teleportation {unknown}
 t - a scroll of random uselessness {unknown}
Potions
 d - a potion of might
 l - a potion of flight
 m - a potion of curing {unknown}
 o - a potion of cancellation {unknown}
 q - a potion of haste {unknown}
 r - 2 potions of heal wounds


   Skills:
 + Level 3.9 Fighting
 + Level 4.5 Axes
 + Level 3.1 Armour
 + Level 0.9 Dodging
 + Level 3.0 Shields


You had 5 spell levels left.
You didn't know any spells.
Your spell library was empty.

Dungeon Overview and Level Annotations

Branches:
Dungeon (4/15)
 Temple: D:4-7

Altars:


Innate Abilities, Weirdness & Mutations

You are completely covered in rugged brown scales. (AC +3, +7% HP)
You have supernaturally acute eyesight. (SInv)
Armour fits poorly on your strangely shaped body.
You can roll at nearby foes to attack.
You have a long armoured tail.


Message History

The iguana bites the bat!
The bat dies!
There is a stone staircase leading down here.
The iguana is no longer moving quickly.
The iguana no longer looks unusually strong.
The iguana is no longer in an insane frenzy.
The iguana bites you.
* * * LOW HITPOINT WARNING * * *
You climb downwards.
You hear the sound of rushing water.
There is an entrance to a sewer on this level.
Hurry and find it before the portal rusts away!
A worm comes into view.
There is a stone staircase leading up here.
Throw: 5 darts (atropa)
Press: ? - help, Q - select action, (/) - cycle Shift-Dir - straight line, f - iguana
Aim: an iguana (slow, 58% to hit, chance to blind on hit: 75%)
You throw an atropa-tipped dart.
The atropa-tipped dart completely misses the iguana.
The iguana bites you!
You die...

##+## +#
#....##.##
#........#
#..w..@..#
#.....l..#
#........#
#........#
#.....(.##
#########


You could see a worm and an iguana (slow).

Vanquished Creatures
  Grinder (D:3)
  An adder (D:3)
  An ooze (D:2)
  5 dart slugs
  A leopard gecko (D:3)
  An orc (D:2)
  2 bats
  4 giant cockroaches
  4 goblins
  7 hobgoblins
  3 jackals (D:3)
  5 kobolds
  2 quokkas
  5 frilled lizards
  8 rats
50 creatures vanquished.

Vanquished Creatures (collateral kills)
  A bat (D:3)
1 creature vanquished.

Grand Total: 51 creatures vanquished

Notes
Turn   | Place    | Note
-------+----------+-------------------------------------------
     0 | D:1      | jlumianski the Palentonga Fighter began the quest for the
                  | Orb.
     0 | D:1      | Reached XP level 1. HP: 20/20 MP: 1/1
   159 | D:1      | Reached XP level 2. HP: 27/27 MP: 2/2
   690 | D:1      | Reached XP level 3. HP: 32/33 MP: 3/3
  1219 | D:3      | Noticed Grinder
  1232 | D:3      | Killed Grinder
  1233 | D:3      | Reached skill level 4 in Axes
  1233 | D:3      | Reached XP level 4. HP: 41/42 MP: 4/4
  1233 | D:3      | Reached XP level 5. HP: 47/49 MP: 5/5
  1895 | D:3      | Reached XP level 6. HP: 52/55 MP: 6/6
  1970 | D:4      | Slain by an iguana

Illustrated notes

Levels and vault maps discovered:
D:1:      dpeg_arrival_rhombi, layout_loops_cross
D:2:      layout_loops_ring
D:3:      layout_basic, chequers_arboretum, lemuel_old_faithful, uniq_grinder
D:4:      layout_gridville, minmay_temple_entry_ruins, gup_sewer_entry_glass,
          minmay_joined_circles

Skill      XL: |  1  2  3 |
---------------+----------+-----
Axes           | 4 |  4.5
Armour         | 3 |  3.1
Shields        | 3 |  3.0
Fighting       | |  3.9
Dodging        | |  0.9

Action                   |  1- 3 |  4- 6 || total
-------------------------+-------+-------++-------
Melee: War axe           |    81 |    40 ||   121
       Tailslap          |    10 |     6 ||    16
       Whip              |     4 |       ||     4
Throw: Dart              |       |     2 ||     2
 Abil: Rolling Charge    |    16 |     6 ||    22
  Use: Scroll            |     1 |     2 ||     3
       Potion            |       |     2 ||     2
Armor: Scale mail        |    40 |    18 ||    58
Dodge: Dodged            |    17 |    12 ||    29
Block: Kite shield       |    31 |    24 ||    55
